 Dungeon Crawl Stone Soup version 0.30-a0-458-g86641cc369 (webtiles) character file.

Game seed: 3103117578961013942

7805 zishaf the Agnostic (level 11, -1/60 HPs)
             Began as a Vine Stalker Brigand on Dec 14, 2022.
             Slain by a manticore (2 damage)
             ... on level 9 of the Dungeon.
             The game lasted 00:13:24 (7916 turns).

zishaf the Agnostic (Vine Stalker Brigand)          Turns: 7916, Time: 00:13:25

Health: -1/60      AC:  9    Str: 17    XL:     11   Next: 21%
Magic:  0/20       EV: 12    Int: 11    God:
Gold:   468        SH:  0    Dex: 17    Spells: 10/10 levels left

rFire   . . .      SeeInvis .    a - +3 dagger
rCold   . . .      Faith    +    (no shield)
rNeg    . . .      Spirit   +    D - +2 robe {Archmagi}
rPois   +          Reflect  .    q - +2 helmet
rElec   .          Harm     .    c - +0 cloak
rCorr   .          Rampage  .    (no gloves)
Will    +....      Archmagi +    w - +0 pair of boots
Stlth   ++++......               B - amulet of faith
HPRegen 1.10/turn                h - ring of flight
MPRegen 0.17/turn                m - ring of poison resistance

@: flying
A: fangs 3, regeneration 1, magic shield, antimagic bite, no potion heal 2
a: no special abilities


You were on level 9 of the Dungeon.
You visited 2 branches of the dungeon, and saw 10 of its levels.

You collected 468 gold pieces.

Inventory:

Hand Weapons
 a - a +3 dagger (weapon)
Missiles
 d - 15 poisoned darts
 e - 2 curare-tipped darts (quivered)
 C - a throwing net
Armour
 b - a +0 robe
 c - a +0 cloak (worn)
 l - a +0 ring mail
 q - a +2 helmet (worn)
 w - a +0 pair of boots (worn)
 y - a +1 leather armour of fire resistance
 D - a +2 robe of the Archmagi (worn)
Jewellery
 h - a ring of flight (left hand)
 m - a ring of poison resistance (right hand)
 B - an amulet of faith (around neck)
Wands
 k - a wand of digging (13)
 t - a wand of roots (9)
 F - a wand of paralysis (5)
Scrolls
 g - 4 scrolls of fog
 r - 2 scrolls of blinking
 s - a scroll of vulnerability
 u - a scroll of enchant weapon
 A - 2 scrolls of poison
 E - 4 scrolls of identify
 G - a scroll of teleportation
Potions
 f - 2 potions of attraction
 i - 2 potions of flight
 j - a potion of invisibility
 n - 2 potions of haste
 o - 9 potions of curing
 p - a potion of might
 v - a potion of cancellation
 x - 2 potions of ambrosia
 z - 2 potions of brilliance
 H - a potion of resistance


   Skills:
 + Level 8.1 Fighting
 - Level 8.0 Short Blades
 - Level 2.0 Throwing
 - Level 1.0 Dodging
 + Level 7.8 Stealth
 - Level 11.7 Invocations
 + Level 4.1 Evocations


You had 10 spell levels left.
You didn't know any spells.
Your spell library contained the following spells:

 Spells                   Type           Power      Damage    Failure   Level
 Kiss of Death            Conj/Necr      0%         2d5       34%         1
 Magic Dart               Conj           0%         1d3       34%         1
 Cigotuvi's Dreadful Rot  Necr/Pois/Air  0%         N/A       47%         2
 Poisonous Vapours        Pois/Air       0%         N/A       47%         2
 Scorch                   Fire           0%         2d5       47%         2
 Searing Ray              Conj           0%         2d4       47%         2
 Confusing Touch          Hex            0%         N/A       71%         3
 Gell's Gravitas          Tloc           0%         N/A       71%         3
 Inner Flame              Hex/Fire       0%         N/A       71%         3
 Mephitic Cloud           Conj/Pois/Air  0%         N/A       71%         3
 Ozocubu's Armour         Ice            0%         N/A       71%         3
 Stone Arrow              Conj/Erth      0%         3d7       71%         3
 Teleport Other           Tloc           0%         N/A       71%         3
 Animate Armour           Summ/Erth      0%         N/A       98%         4
 Cause Fear               Hex            0%         N/A       98%         4
 Dispel Undead            Necr           0%         3d6       98%         4
 Flame Wave               Conj/Fire      0%         2d4       98%         4
 Fulminant Prism          Conj/Hex       0%         3d5       98%         4
 Olgreb's Toxic Radiance  Pois           0%         N/A       98%         4
 Metabolic Englaciation   Hex/Ice        0%         N/A       100%        5
 Dispersal                Tloc           0%         N/A       100%        6
 Simulacrum               Ice/Necr       0%         N/A       100%        6
 Summon Cactus Giant      Summ           0%         N/A       100%        6
 Ozocubu's Refrigeration  Ice            0%         4d7       100%        7
 Discord                  Hex            0%         N/A       100%        8
 Ignition                 Fire           0%         3d3       100%        8
 Lehudib's Crystal Spear  Conj/Erth      0%         10d2      100%        8


Dungeon Overview and Level Annotations

Branches:
Dungeon (9/15)             Temple (1/1) D:4             Orc (0/2) D:9
   Lair: D:8-11

Altars:
Ashenzari
Cheibriados
Dithmenos
Elyvilon
Fedhas
Gozag
Hepliaklqana
Kikubaaqudgha
Makhleb
Nemelex Xobeh
Okawaru
Qazlal
Ru
Sif Muna
Trog
Vehumet
Wu Jian
Xom
Yredelemnul
Zin
The Shining One

Shops:
D:2 [

Annotations:
D:8 1 runed translucent door


Innate Abilities, Weirdness & Mutations

You have razor-sharp teeth.
Your natural rate of healing is unusually fast.
When hurt, damage is shared between your health and your magic reserves.
Your bite disrupts and absorbs the magic of your enemies.
Potions cannot restore your health.


Message History

The manticore is heavily wounded.
You hit the manticore but do no damage.
You bite the manticore, but do no damage.
The manticore is heavily wounded.
The manticore bites you but does no damage.
The manticore claws you.
* * * LOW HITPOINT WARNING * * *
The manticore claws you but does no damage.
Throw: 3 darts (curare)
Press: ? - help, Q - select action, (/) - cycle Shift-Dir - straight line, f - manticore
Aim: a manticore (heavily wounded, 75% to hit)
You throw a curare-tipped dart.
The curare-tipped dart hits the manticore.
The manticore is poisoned.
The manticore convulses.
The manticore seems to slow down.
The manticore is heavily wounded.
The manticore bites you!
* * * LOW HITPOINT WARNING * * *
The manticore misses you. The manticore barely misses you.
You barely miss the manticore. Your bite misses the manticore.
The manticore is heavily wounded.
You hit the manticore but do no damage.
You bite the manticore, but do no damage.
The manticore is heavily wounded.
You hit the manticore.
The manticore is severely wounded.
The manticore completely misses you.
The manticore claws you but does no damage.
The manticore claws you!
* * * LOW HITPOINT WARNING * * *
You hit the manticore. You bite the manticore. You drain its power.
You feel invigorated.
The manticore is almost dead.
You hit the manticore.
You bite the manticore, but do no damage.
The manticore is almost dead.
The manticore bites you!
* * * LOW HITPOINT WARNING * * *
The manticore barely misses you. The manticore claws you.
You die...

....##..........# #.#
....##..........# #.#
#)..##..........#####.#
...<................#.#
.)..........##......#.#
.............#......#.#
......###.##.#........#
..........##.#####.##.#
############..).@H.##.#
..............#######.#
....#########.........#
.. ...######## .. ....#
.# ...... . ........
.#........ ..#.....####


You could see a manticore (very poisoned, slow).

Vanquished Creatures
  Erolcha (D:9)
  The ghost of osoart the Trooper, an amateur MiBe of Trog (D:4)
  A slime creature (D:9)
  3 dream sheep (D:7)
  Sigmund (D:4)
  A wyvern (D:7)
  5 wraiths (D:8)
  4 fire bats (D:8)
  Grum (D:8)
  Edmund (D:4)
  Menkaure (D:7)
  3 water moccasins
  2 ice beasts
  2 orc warriors
  A black bear (D:7)
  A sky beast (D:7)
  An ogre (D:6)
  4 wolves
  2 centaurs
  A kobold brigand (D:8)
  3 bullfrogs
  A gnoll sergeant (D:8)
  3 scorpions
  3 wights (D:7)
  2 howler monkeys (D:7)
  2 hounds
  4 jellies
  6 orc priests
  2 gnoll boudas
  4 iguanas
  2 orc wizards
  5 adders
  8 gnolls
  A shadow imp (D:8)
  2 worms
  2 dart slugs (D:2)
  15 orcs
  4 ball pythons
  10 bats
  5 endoplasms (D:1)
  2 giant cockroaches (D:4)
  7 goblins
  9 hobgoblins
  2 jackals (D:2)
  12 kobolds
  A quokka (D:2)
  A frilled lizard (D:2)
  8 rats
  A spectral hobgoblin (D:4)
164 creatures vanquished.

Notes
Turn   | Place    | Note
-------+----------+-------------------------------------------
     0 | D:1      | zishaf the Vine Stalker Brigand began the quest for the
                  | Orb.
     0 | D:1      | Reached XP level 1. HP: 11/11 MP: 2/2
    56 | D:1      | Reached skill level 1 in Dodging
    56 | D:1      | Reached XP level 2. HP: 15/15 MP: 3/3
    58 | D:1      | Reached skill level 5 in Stealth
   259 | D:1      | Reached XP level 3. HP: 16/18 MP: 2/4
   609 | D:2      | Found a faded altar of an unknown god.
   961 | D:2      | Found Kyol's Antique Armour Boutique.
  1228 | D:3      | Found a stormy altar of Qazlal.
  1235 | D:3      | Found a shimmering altar of Xom.
  1612 | D:3      | Gained mutation: Your natural rate of healing is unusually
                  | fast. [Vine Stalker growth]
  1612 | D:3      | Reached XP level 4. HP: 21/23 MP: 5/5
  1763 | D:3      | HP: 1/23 [orc priest/divine providence (10)]
  2139 | D:4      | Found a staircase to the Ecumenical Temple.
  2144 | Temple   | Entered the Ecumenical Temple
  2327 | D:4      | Reached XP level 5. HP: 28/28 MP: 6/6
  2402 | D:4      | Noticed Edmund
  2421 | D:4      | Killed Edmund
  2422 | D:4      | Reached XP level 6. HP: 22/33 MP: 5/7
  2459 | D:4      | Noticed Sigmund
  2473 | D:4      | Killed Sigmund
  2493 | D:4      | Reached XP level 7. HP: 38/38 MP: 8/8
  2631 | D:4      | Found a sparkling altar of Nemelex Xobeh.
  2639 | D:4      | Found a runed translucent door.
  2745 | D:4      | Reached skill level 5 in Short Blades
  2925 | D:4      | Found a hazy altar of Hepliaklqana.
  3053 | D:4      | Noticed osoart's ghost (amateur MiBe)
  3061 | D:4      | Reached skill level 5 in Fighting
  3073 | D:4      | Killed osoart's ghost
  3074 | D:4      | Gained mutation: You have razor-sharp teeth. [Vine Stalker
                  | growth]
  3074 | D:4      | Reached XP level 8. HP: 11/44 MP: 3/9
  3134 | D:5      | Entered Level 5 of the Dungeon
  3507 | D:5      | Found a broken altar of Ashenzari.
  4354 | D:6      | Reached skill level 11 in Invocations
  4354 | D:6      | Reached XP level 9. HP: 49/49 MP: 9/18
  4760 | D:7      | Noticed Menkaure
  4762 | D:7      | Found a snail-covered altar of Cheibriados.
  4762 | D:7      | Found a radiant altar of Vehumet.
  4763 | D:7      | Killed Menkaure
  4769 | D:7      | Found a sacrificial altar of Ru.
  4771 | D:7      | Found an ornate altar of the Wu Jian Council.
  4772 | D:7      | Found a basalt altar of Yredelemnul.
  4845 | D:7      | HP: 2/49 [gnoll bouda/+0 quarterstaff (2)]
  4991 | D:7      | Reached skill level 1 in Evocations
  4991 | D:7      | Reached XP level 10. HP: 50/55 MP: 16/19
  5090 | D:7      | Found a shadowy altar of Dithmenos.
  5807 | D:8      | Found a shimmering altar of Xom.
  5957 | D:8      | Found a runed translucent door.
  5967 | D:8      | Found a sparkling altar of Nemelex Xobeh.
  5979 | D:8      | Found an iron altar of Okawaru.
  6004 | D:8      | Found a shimmering altar of Xom.
  6130 | D:8      | Noticed a flayed ghost
  6234 | D:8      | Found an iron altar of Okawaru.
  6246 | D:8      | Found a bloodstained altar of Trog.
  6322 | D:8      | Found an ancient bone altar of Kikubaaqudgha.
  6539 | D:8      | Found a white marble altar of Elyvilon.
  6539 | D:8      | Found a burning altar of Makhleb.
  6539 | D:8      | Noticed Grum
  6747 | D:8      | Killed Grum
  6748 | D:8      | Reached XP level 11. HP: 59/60 MP: 18/20
  7437 | D:9      | Found a staircase to the Orcish Mines.
  7611 | D:9      | Noticed Erolcha
  7622 | D:9      | Killed Erolcha
  7842 | D:9      | Identified the +1 whip "Voemuem" {freeze, Will+ Int+6}
  7889 | D:9      | Noticed a manticore
  7916 | D:9      | HP: 1/60 [manticore (6)]
  7916 | D:9      | Slain by a manticore

Illustrated notes

Levels and vault maps discovered:
D:1:      dpeg_arrival_simpleton_c, layout_basic, minmay_tetromino_l2
D:2:      layout_basic, hellmonk_ecumenical_altar_lost_god, serial_shops, shop
D:3:      layout_basic, xom_teletrap_fun, lemuel_crystal_altar
D:4:      layout_basic, nicolae_hepliaklqana_monster_ancestors,
          nemelex_diamond_rough_becter, minmay_temple_entry_ruins,
          ebering_ghost_sewer_d, sigmund_edmund_badplayer, uniq_edmund
D:5:      layout_basic, nicolae_ashenzari_panopticon
D:6:      layout_loops_ring, abandoned_shop
D:7:      layout_loops_ring, chequers_temple_overflow_minitemple,
          nicolae_dithmenos_through_a_glass_darkly, dreamdust_gnoll_shepherd,
          uniq_menkaure
D:8:      due_megacathedral, layout_loops_ring, lemuel_tele_altar,
          gammafunk_temple_overflow_pools, eino_tiny_chamber, uniq_grum
D:9:      minmay_curly_fans, layout_basic, orc_0_dummy, serial_shops,
          kennysheep_mini, nicolae_transmutations_shop,
          minmay_misc_feat_pillars, minmay_misc_feat_columns, uniq_erolcha
Temple:   nicolae_temple_bog_church

Skill      XL: |  1  2  3  4  5  6  7  8  9 10 11 |
---------------+----------------------------------+-----
Dodging        | 1 |  1.0
Stealth        | 5 6 7 |  7.8
Fighting       | 2 3 4 5 6 7 8 |  8.1
Short Blades   | 2 3 4 5 6 7 8 |  8.0
Throwing       | 2 |  2.0
Invocations    | 11 | 11.7
Evocations     | 1 3 4 |  4.1

Action                   |  1- 3 |  4- 6 |  7- 9 | 10-12 || total
-------------------------+-------+-------+-------+-------++-------
Melee: Dagger            |   135 |    53 |   183 |   499 ||   870
       Bite              |    28 |     9 |    69 |   172 ||   278
       Punch             |     1 |       |     1 |     5 ||     7
Throw: Dart              |       |     3 |       |     4 ||     7
Evoke: Wand              |       |       |       |     7 ||     7
  Use: Scroll            |       |     9 |    10 |     3 ||    22
       Potion            |       |       |     3 |       ||     3
 Stab: Sleeping          |     5 |     7 |     6 |     3 ||    21
       Distracted        |       |       |     1 |     1 ||     2
       Invisible         |       |       |     1 |       ||     1
Armor: Robe              |    17 |       |       |    27 ||    44
       Ring mail         |    23 |     7 |       |       ||    30
       Leather armour    |       |     2 |    46 |   102 ||   150
Dodge: Dodged            |    51 |    14 |    53 |   235 ||   353

Table legend: (Time is in decaauts)
 A = Elapsed time spent in this place.
 B = Non-inter-level travel time spent in this place.
 C = Inter-level travel time spent in this place.
 D = Time resting spent in this place.
 E = Time spent auto-exploring this place.
 F = Levels seen in this place.
 G = Mean time per level.
                   A        B        C        D        E       F      G
               +--------+--------+--------+--------+--------+-----+--------+
         Total |   7703 |   7455 |    248 |    300 |   5528 |  10 |  770.3 |
       Dungeon |   7557 |   7318 |    239 |    300 |   5397 |   9 |  839.7 |
        Temple |    145 |    136 |      9 |      0 |    131 |   1 |  145.0 |
               +--------+--------+--------+--------+--------+-----+--------+

Top non-repeatable levels by time:
     D:8: 1590 daAuts
     D:7: 1112 daAuts
     D:3: 926 daAuts
     D:4: 905 daAuts
     D:6: 750 daAuts
     D:5: 705 daAuts
     D:2: 651 daAuts
     D:1: 528 daAuts
     D:9: 386 daAuts
  Temple: 145 daAuts
